Knights vs Diables

Created - February 6, 2019 at 19:02

Goals
1 2 3 T
Knights 0 3 3 6
Diables 3 5 0 8
Shots
1 2 3 T
Knights 10 12 13 35
Diables 15 12 6 33

1st period

1. Diables , Jordan Caron 17 (Carl Gunnarsson 24) at 2:34 (PP)
2. Diables , Taylor Beck 19 (Jordan Caron 24, Tim Schaller 44) at 10:03
3. Diables , Jordan Caron 18 (Chris Bigras 5, Tim Schaller 45) at 13:34

Penalties :
Collin Miller (Lon) for Hooking (Minor) at 2:03

2nd period

4. Knights , Collin Miller 3 (Tom Wilson 11, Miro Aaltonen 27) at 5:09
5. Diables , Jan Mursak 4 (Mikko Lehtonen 15) at 8:42
6. Diables , Craig Smith 30 (Brandon Prust 13, Nick Bjugstad 38) at 9:33
7. Knights , Miro Aaltonen 19 (Brandon Saad 17) at 12:00
8. Diables , Nick Bjugstad 24 (Craig Smith 45, Chris Bigras 6) at 16:10
9. Diables , Chris Tierney 5 (Jan Mursak 6, Mark Fraser 15) at 17:04
10. Knights , Josh Bailey 15 (Miro Aaltonen 28) at 17:37
11. Diables , Chris Tierney 6 (Jan Mursak 7, Mikko Lehtonen 16) at 18:32

Penalties :
Michael Matheson (Lon) for Cross-checking (Minor) at 0:13

3rd period

12. Knights , Brandon Saad 10 (Zach Trotman 13) at 9:53
13. Knights , Michael Matheson 1 (Jaccob Slavin 30, Noel Acciari 54) at 10:01
14. Knights , Michael Matheson 2 (Josh Bailey 24, Ben Scrivens) at 11:50 (PP)

Penalties :
Brandon Prust (Alm) for Interference (Minor) at 3:49, Brandon Saad (Lon) for Interference (Minor) at 7:41, Carl Gunnarsson (Alm) for Tripping (Minor) at 10:34, Michael Matheson (Lon) for Tripping (Minor) at 13:26

Goalie Stats

Ben Scrivens (Lon), 19 saves from 23 shots - (0.826), 50:10 minutes
Magnus Hellberg (Lon), 6 saves from 10 shots - (0.600), L, 9-7-0, 9:50 minutes
Garret Sparks (Alm), 29 saves from 35 shots - (0.829), W, 8-9-1, 60:00 minutes

Players Stats for Knights

Player Name              G  A  P  +/- PIM S  H  SB GA TA FO     MP     PP MP  PK MP  
------------------------------------------------------------------------------------
Andreas Athanasiou       0  0  0   0  0   0  0  0  0  0  0/0     6:30   0:00   0:00 
Brandon Saad             1  1  2   3  2   1  3  0  0  0  0/0    17:25   1:19   1:42 
Brendan Gaunce           0  0  0  -1  0   1  1  0  0  0  3/6    12:23   0:00   1:18 
Collin Miller            1  0  1  -2  2   1  2  2  0  0  0/0    15:25   1:51   1:55 
Jaccob Slavin            0  1  1  -1  0   4  1  1  0  1  0/0    27:49   1:24   2:37 
Jordan Martinook         0  0  0  -2  0   0  0  0  0  0  0/0    11:00   0:00   0:08 
Josh Bailey              1  1  2   2  0   3  4  1  0  0  0/0    16:56   1:19   1:25 
Linden Vey               0  0  0  -2  0   1  0  0  2  1  1/1    10:52   0:00   0:00 
Matthew Benning          0  0  0  -2  0   0  1  2  0  0  0/0    11:06   0:00   0:00 
Michael Matheson         2  0  2   1  4   2  1  1  0  1  0/0    21:28   1:51   0:42 
Michael Raffl            0  0  0  -3  0   4  1  2  2  0  0/0    23:38   1:56   3:27 
Miro Aaltonen            1  2  3   2  0   4  0  1  2  0  6/15   15:31   1:19   0:00 
Noel Acciari             0  1  1  -3  0   4  2  1  0  0  17/39  24:11   1:56   3:45 
Pavel Buchnevich         0  0  0  -3  0   5  0  1  0  0  0/1    19:53   1:56   0:00 
Scott Wilson             0  0  0   1  0   0  2  0  0  0  1/1     8:09   0:00   1:11 
Tom Wilson               0  1  1   0  0   3  1  0  0  0  0/0     6:30   0:00   0:00 
Tomas Kundratek          0  0  0  -1  0   2  1  2  2  1  0/0    25:29   1:24   3:51 
Zach Trotman             0  1  1   1  0   0  0  1  0  2  0/0    19:13   0:00   3:51 

Players Stats for Diables

Player Name              G  A  P  +/- PIM S  H  SB GA TA FO     MP     PP MP  PK MP  
------------------------------------------------------------------------------------
Andrew O'Brien           0  0  0   3  0   0  1  1  0  0  0/0    19:28   2:26   0:00 
Brandon Prust            0  1  1   0  2   1  1  1  0  1  1/1    23:07   3:38   0:48 
Carl Gunnarsson          0  1  1   1  2   1  1  1  0  1  0/0    26:09   3:44   0:52 
Chris Bigras             0  2  2   3  0   0  1  0  0  0  0/0    16:08   0:20   2:07 
Chris Tierney            2  0  2   2  0   2  0  0  0  0  4/7    10:38   0:00   1:01 
Christian Thomas         0  0  0  -1  0   1  0  0  2  0  0/0     8:01   0:00   0:00 
Craig Smith              1  1  2   0  0   1  3  1  0  0  0/0    24:36   3:38   2:17 
Jamie Oleksiak           0  0  0   0  0   0  0  0  0  0  0/0     5:15   0:00   0:00 
Jan Mursak               1  2  3   2  0   2  2  0  0  0  0/0     9:59   0:12   0:00 
Jordan Caron             2  1  3   1  0   3  1  0  0  0  0/0    16:25   2:38   0:00 
Louis Leblanc            0  0  0  -1  0   1  1  0  1  0  0/2     8:01   0:00   0:00 
Mark Fraser              0  1  1  -1  0   2  2  1  0  1  0/0    31:52   4:02   2:08 
Michal Repik             0  0  0  -1  0   3  2  0  1  0  0/2     9:22   0:12   0:58 
Mikko Lehtonen           0  2  2   2  0   0  3  0  1  0  1/1     9:56   0:12   0:00 
Nick Bjugstad            1  1  2   0  0   5  2  0  0  1  15/30  22:47   3:38   0:28 
Pavel Valentenko         0  0  0  -2  0   0  1  0  1  2  0/0    21:07   2:24   1:23 
Taylor Beck              1  0  1   1  0   5  2  0  0  1  0/0    16:59   2:38   0:30 
Tim Schaller             0  2  2   1  0   6  1  0  0  1  14/20  16:53   2:38   0:28 

3 Stars

1 - Jordan Caron (Alm)
2 - Jan Mursak (Alm)
3 - Chris Tierney (Alm)

Power Play

Knights - 1 on 2 Attempt(s) - 50.00%
Diables - 1 on 4 Attempt(s) - 25.00%

Penalty Kill

Knights - 3 on 4 Attempt(s) - 75.00% - Score 0 goal in Penalty Kill
Diables - 1 on 2 Attempt(s) - 50.00% - Score 0 goal in Penalty Kill

Team Stat

Knights - Hits : 20 - Faceoff Wins : 28 - Blocked Shots : 15 - Penalty Minutes : 8
Diables - Hits : 24 - Faceoff Wins : 35 - Blocked Shots : 5 - Penalty Minutes : 4

Official

Referees : Unknown
Linesman : Unknown

Game Notes

Jamie Oleksiak is injured at 17:54 of 1st period (Left Eye)
Magnus Hellberg enters game at 8:42 of 2nd period
Ben Scrivens enters game at 18:32 of 2nd period

Finance

Level 1 -- Attendance: 1600 (80.00%) -- Ticket Income $64,000
Level 2 -- Attendance: 696 (69.60%) -- Ticket Income $13,920
Total Attendance: 2296 (76.53%)
Total Ticket Income: $77,920
Other Income: $3,896
Total Income: $81,816

Knights

5 vs 5 Forward 
   Center                   Left Wing                Right Wing               Time % Phy DF OF 
 1 Noel Acciari             Michael Raffl            Pavel Buchnevich         40     1   2  2  
 2 Miro Aaltonen            Brandon Saad             Josh Bailey              30     1   2  2  
 3 Brendan Gaunce           Jordan Martinook         Linden Vey               20     1   2  2  
 4 Andreas Athanasiou       Scott Wilson             Tom Wilson               10     1   2  2  

5 vs 5 Defense 
   Defense                  Defense                                           Time % Phy DF OF 
 1 Tomas Kundratek          Jaccob Slavin                                     40     1   2  2  
 2 Zach Trotman             Michael Matheson                                  30     1   1  3  
 3 Matthew Benning          Collin Miller                                     20     1   2  2  
 4 Michael Matheson         Jaccob Slavin                                     10     1   2  2  

PowerPlay Forward 
   Center                   Left Wing                Right Wing               Time % Phy DF OF 
 1 Noel Acciari             Michael Raffl            Pavel Buchnevich         60     1   1  3  
 2 Miro Aaltonen            Brandon Saad             Josh Bailey              40     1   1  3  

PowerPlay Defense
   Defense                  Defense                                           Time % Phy DF OF 
 1 Jaccob Slavin            Tomas Kundratek                                   60     0   1  4  
 2 Michael Matheson         Collin Miller                                     40     0   1  4  

Penalty Kill 4 Players Forward 
   Center                   Wing                     Time % Phy DF OF 
 1 Noel Acciari             Michael Raffl            60     1   3  1  
 2 Josh Bailey              Brandon Saad             40     1   3  1  

Penalty Kill 4 Players Defense
   Defense                  Defense                  Time % Phy DF OF 
 1 Zach Trotman             Tomas Kundratek          60     1   3  1  
 2 Michael Matheson         Jaccob Slavin            40     1   3  1  

Penalty Kill - 3 Players Forward 
   Forward                                           Time % Phy DF OF 
 1 Michael Raffl                                     60     0   4  1  
 2 Noel Acciari                                      40     0   4  1  

Penalty Kill - 3 Players Defense
   Defense                  Defense                  Time % Phy DF OF 
 1 Tomas Kundratek          Michael Matheson         60     1   3  1  
 2 Jaccob Slavin            Zach Trotman             40     1   3  1  

4 vs 4 Forward 
   Center                   Wing                     Time % Phy DF OF 
 1 Miro Aaltonen            Josh Bailey              60     1   2  2  
 2 Noel Acciari             Pavel Buchnevich         40     1   2  2  

4 vs 4 Defense
   Defense                  Defense                  Time % Phy DF OF 
 1 Tomas Kundratek          Jaccob Slavin            60     1   2  2  
 2 Michael Matheson         Zach Trotman             40     1   2  2  

Last Minutes Offensive
   Center                   Left Wing                Right Wing               Defense                  Defense                  
   Noel Acciari             Michael Raffl            Pavel Buchnevich         Tomas Kundratek          Jaccob Slavin            

Last Minutes Defensive
   Center                   Left Wing                Right Wing               Defense                  Defense                  
   Miro Aaltonen            Michael Raffl            Josh Bailey              Tomas Kundratek          Jaccob Slavin            

Goaltenders
Starting : Ben Scrivens             
Backup : Magnus Hellberg          

Extra Forwards
Normal : Pavel Buchnevich, Linden Vey, Michael Raffl - PP : Josh Bailey, Michael Raffl - PK : Michael Raffl
Extra Defensemen
Normal : Jaccob Slavin, Tomas Kundratek, Michael Matheson - PP : Jaccob Slavin - PK : Jaccob Slavin, Michael Matheson
Penalty Shots
Michael Raffl, Noel Acciari, Pavel Buchnevich, Josh Bailey, Linden Vey

Scratches
Zach Nastasiuk (Healthy), Cody Bass (Healthy), Alan Quine (Healthy), Matt Puempel (Healthy), David Shields (Healthy)
Matt Grzelcyk (Healthy), Trevor Moore (Healthy), Curtis Valk (Healthy), Anthony Louis (Healthy), Ludwig Bystrom (Healthy)
Brett Connolly (Healthy), Travis Boyd (Healthy), Nicolas Petan (Healthy), Anton Blidh (Healthy), A.J. Jenks (Healthy)
Connor Knapp (Healthy), Eamon McAdam (Healthy), Philippe Desrosiers (Healthy), Ville Husso (Healthy)

Diables

5 vs 5 Forward 
   Center                   Left Wing                Right Wing               Time % Phy DF OF 
 1 Nick Bjugstad            Brandon Prust            Craig Smith              40     1   2  2  
 2 Tim Schaller             Taylor Beck              Jordan Caron             30     1   2  2  
 3 Chris Tierney            Jan Mursak               Mikko Lehtonen           20     1   2  2  
 4 Louis Leblanc            Christian Thomas         Michal Repik             10     1   2  2  

5 vs 5 Defense 
   Defense                  Defense                                           Time % Phy DF OF 
 1 Carl Gunnarsson          Mark Fraser                                       40     1   2  2  
 2 Pavel Valentenko         Jamie Oleksiak                                    30     1   2  2  
 3 Andrew O'Brien           Chris Bigras                                      20     1   2  2  
 4 Carl Gunnarsson          Mark Fraser                                       10     1   2  2  

PowerPlay Forward 
   Center                   Left Wing                Right Wing               Time % Phy DF OF 
 1 Nick Bjugstad            Brandon Prust            Craig Smith              60     1   2  2  
 2 Tim Schaller             Taylor Beck              Jordan Caron             40     1   2  2  

PowerPlay Defense
   Defense                  Defense                                           Time % Phy DF OF 
 1 Carl Gunnarsson          Mark Fraser                                       60     1   2  2  
 2 Pavel Valentenko         Jamie Oleksiak                                    40     1   2  2  

Penalty Kill 4 Players Forward 
   Center                   Wing                     Time % Phy DF OF 
 1 Brandon Prust            Craig Smith              60     1   2  2  
 2 Nick Bjugstad            Tim Schaller             40     1   2  2  

Penalty Kill 4 Players Defense
   Defense                  Defense                  Time % Phy DF OF 
 1 Carl Gunnarsson          Mark Fraser              60     1   2  2  
 2 Pavel Valentenko         Jamie Oleksiak           40     1   2  2  

Penalty Kill - 3 Players Forward 
   Forward                                           Time % Phy DF OF 
 1 Brandon Prust                                     60     1   2  2  
 2 Craig Smith                                       40     1   2  2  

Penalty Kill - 3 Players Defense
   Defense                  Defense                  Time % Phy DF OF 
 1 Carl Gunnarsson          Mark Fraser              60     1   2  2  
 2 Pavel Valentenko         Jamie Oleksiak           40     1   2  2  

4 vs 4 Forward 
   Center                   Wing                     Time % Phy DF OF 
 1 Brandon Prust            Craig Smith              60     1   2  2  
 2 Nick Bjugstad            Tim Schaller             40     1   2  2  

4 vs 4 Defense
   Defense                  Defense                  Time % Phy DF OF 
 1 Carl Gunnarsson          Mark Fraser              60     1   2  2  
 2 Pavel Valentenko         Jamie Oleksiak           40     1   2  2  

Last Minutes Offensive
   Center                   Left Wing                Right Wing               Defense                  Defense                  
   Nick Bjugstad            Brandon Prust            Craig Smith              Carl Gunnarsson          Mark Fraser              

Last Minutes Defensive
   Center                   Left Wing                Right Wing               Defense                  Defense                  
   Nick Bjugstad            Brandon Prust            Craig Smith              Carl Gunnarsson          Mark Fraser              

Goaltenders
Starting : Garret Sparks            
Backup : Eric Comrie              

Extra Forwards
Normal : Jan Mursak, Mikko Lehtonen, Michal Repik - PP : Jan Mursak, Mikko Lehtonen - PK : Michal Repik
Extra Defensemen
Normal : Andrew O'Brien, Chris Bigras, Pavel Valentenko - PP : Andrew O'Brien - PK : Chris Bigras, Pavel Valentenko
Penalty Shots
Brandon Prust, Craig Smith, Nick Bjugstad, Tim Schaller, Jordan Caron

Scratches
Stephen Harper (Healthy), Emil Djuse (Healthy), Gemel Smith (Healthy), Matt Lindblad (Healthy), Cole Cassels (Healthy)
Jeremy Gregoire (Healthy), Connor Hurley (Healthy), Gustav Olofsson (Healthy), Andreas Johnsson (Healthy), Brett Ritchie (Healthy)
Mitchell Moroz (Healthy), Daniel Zaar (Broken Nose Injury), Marc-André Bourdon (Healthy), Linus Ullmark (Healthy), Jack Campbell (Healthy)

% Time on Ice - Knights

Lines # - Real PCT - Wanted PCT - Time Play
Normal Forward
1 - 37% - 40% - 18:43
2 - 28% - 30% - 14:12
3 - 22% - 20% - 10:52
4 - 13% - 10% - 6:30
Normal Defense
1 - 40% - 40% - 20:14
2 - 31% - 30% - 15:43
3 - 22% - 20% - 11:06
4 - 6% - 10% - 3:14
PP Forward
1 - 59% - 60% - 1:56
2 - 41% - 40% - 1:19
PP Defense
1 - 43% - 60% - 1:24
2 - 57% - 40% - 1:51
PK Forward
1 - 78% - 60% - 5:03
2 - 22% - 40% - 1:25
PK Defense
1 - 60% - 60% - 3:51
2 - 40% - 40% - 2:37
PK3 Forward
1 - 0% - 60%
2 - 0% - 40%
PK3 Defense
1 - 0% - 60%
2 - 0% - 40%
44 Forward
1 - 0% - 60%
2 - 0% - 40%
44 Defense
1 - 0% - 60%
2 - 0% - 40%
Last Minute Offensive  - 0:00
Last Minute Defensive  - 0:00
Total
Forward - 60:00
Defense - 60:00

% Time on Ice - Diables

Lines # - Real PCT - Wanted PCT - Time Play
Normal Forward
1 - 37% - 40% - 18:50
2 - 28% - 30% - 13:53
3 - 19% - 20% - 9:33
4 - 16% - 10% - 8:01
Normal Defense
1 - 37% - 40% - 18:48
2 - 34% - 30% - 17:20
3 - 23% - 20% - 11:23
4 - 6% - 10% - 2:46
PP Forward
1 - 59% - 60% - 3:50
2 - 41% - 40% - 2:38
PP Defense
1 - 58% - 60% - 3:44
2 - 42% - 40% - 2:44
PK Forward
1 - 86% - 60% - 2:47
2 - 14% - 40% - 0:28
PK Defense
1 - 57% - 60% - 1:52
2 - 43% - 40% - 1:23
PK3 Forward
1 - 0% - 60%
2 - 0% - 40%
PK3 Defense
1 - 0% - 60%
2 - 0% - 40%
44 Forward
1 - 0% - 60%
2 - 0% - 40%
44 Defense
1 - 0% - 60%
2 - 0% - 40%
Last Minute Offensive  - 0:00
Last Minute Defensive  - 0:00
Total
Forward - 60:00
Defense - 60:00

Play-by-Play

1st period


0:01 of 1st period - Nick Bjugstad wins face-off versus Noel Acciari in neutral zone.
0:30 of 1st period - Snap shot by Brandon Saad.
0:30 of 1st period - Shot Misses the Net.
0:32 of 1st period - Slapshot by Jaccob Slavin.
0:32 of 1st period - Stopped by Garret Sparks with a rebound.
0:50 of 1st period - Michael Matheson is hit by Jan Mursak and loses puck.
1:46 of 1st period - Snap shot by Michal Repik.
1:46 of 1st period - Stopped by Ben Scrivens without a rebound.
1:47 of 1st period - Nick Bjugstad wins face-off versus Miro Aaltonen in Knights zone.
1:56 of 1st period - Wrist shot by Brandon Prust.
1:56 of 1st period - Shot Blocked by Miro Aaltonen.
2:03 of 1st period - Minor Penalty to Collin Miller for Hooking.
2:04 of 1st period - Noel Acciari wins face-off versus Nick Bjugstad in Knights zone.
2:34 of 1st period - Snap shot by Jordan Caron.
2:34 of 1st period - Goal by Jordan Caron - Knights : 0 - Diables : 1.
2:35 of 1st period - Tim Schaller wins face-off versus Noel Acciari in neutral zone.
3:05 of 1st period - Wrist shot by Nick Bjugstad.
3:05 of 1st period - Stopped by Ben Scrivens with a rebound.
3:07 of 1st period - Snap shot by Mark Fraser.
3:07 of 1st period - Shot Blocked by Josh Bailey.
3:42 of 1st period - Icing by Collin Miller.
3:43 of 1st period - Brendan Gaunce wins face-off versus Louis Leblanc in Knights zone.
3:49 of 1st period - Off-side.
3:50 of 1st period - Noel Acciari wins face-off versus Nick Bjugstad in neutral zone.
3:59 of 1st period - Snap shot by Pavel Buchnevich.
3:59 of 1st period - Shot Blocked by Craig Smith.
4:01 of 1st period - Snap shot by Michael Raffl.
4:01 of 1st period - Deflect By Noel Acciari.
4:01 of 1st period - Shot Misses the Net.
4:01 of 1st period - Puck is out of play.
4:02 of 1st period - Tim Schaller wins face-off versus Noel Acciari in Diables zone.
5:18 of 1st period - Snap shot by Michal Repik.
5:18 of 1st period - Shot Blocked by Collin Miller.
5:21 of 1st period - Icing by Jordan Martinook.
5:22 of 1st period - Nick Bjugstad wins face-off versus Brendan Gaunce in Knights zone.
5:48 of 1st period - Backhand shot by Michael Raffl.
5:48 of 1st period - Stopped by Garret Sparks without a rebound.
5:49 of 1st period - Tim Schaller wins face-off versus Noel Acciari in Diables zone.
6:37 of 1st period - Wrist shot by Linden Vey.
6:37 of 1st period - Stopped by Garret Sparks with a rebound.
7:27 of 1st period - Wrist shot by Pavel Buchnevich.
7:27 of 1st period - Stopped by Garret Sparks with a rebound.
7:29 of 1st period - Wrist shot by Noel Acciari.
7:29 of 1st period - Stopped by Garret Sparks with a rebound.
8:54 of 1st period - Slapshot by Noel Acciari.
8:54 of 1st period - Shot Misses the Net.
8:56 of 1st period - Wrist shot by Michael Raffl.
8:56 of 1st period - Stopped by Garret Sparks with a rebound.
9:11 of 1st period - Craig Smith is hit by Josh Bailey and loses puck.
9:49 of 1st period - Wrist shot by Taylor Beck.
9:49 of 1st period - Shot Misses the Net.
9:51 of 1st period - Slapshot by Tim Schaller.
9:51 of 1st period - Stopped by Ben Scrivens without a rebound.
9:52 of 1st period - Noel Acciari wins face-off versus Tim Schaller in Knights zone.
9:59 of 1st period - Slapshot by Jordan Caron.
9:59 of 1st period - Shot Blocked by Matthew Benning.
10:01 of 1st period - Slapshot by Tim Schaller.
10:01 of 1st period - Shot Misses the Net.
10:03 of 1st period - Snap shot by Jordan Caron.
10:03 of 1st period - Deflect By Taylor Beck.
10:03 of 1st period - Goal by Taylor Beck - Knights : 0 - Diables : 2.
10:04 of 1st period - Noel Acciari wins face-off versus Nick Bjugstad in neutral zone.
10:26 of 1st period - Icing by Jaccob Slavin.
10:27 of 1st period - Tim Schaller wins face-off versus Miro Aaltonen in Knights zone.
10:41 of 1st period - Off-side.
10:42 of 1st period - Noel Acciari wins face-off versus Nick Bjugstad in neutral zone.
11:07 of 1st period - Mark Fraser is hit by Michael Matheson.
11:33 of 1st period - Zach Trotman is hit by Pavel Valentenko and loses puck.
11:57 of 1st period - Wrist shot by Scott Wilson.
11:57 of 1st period - Shot Misses the Net.
11:59 of 1st period - Slapshot by Tom Wilson.
11:59 of 1st period - Stopped by Garret Sparks with a rebound.
12:13 of 1st period - Snap shot by Noel Acciari.
12:13 of 1st period - Stopped by Garret Sparks with a rebound.
12:21 of 1st period - Michal Repik is hit by Michael Raffl and loses puck.
13:16 of 1st period - Slapshot by Jan Mursak.
13:16 of 1st period - Stopped by Ben Scrivens with a rebound.
13:32 of 1st period - Wrist shot by Tim Schaller.
13:32 of 1st period - Shot Misses the Net.
13:34 of 1st period - Snap shot by Chris Bigras.
13:34 of 1st period - Deflect By Jordan Caron.
13:34 of 1st period - Goal by Jordan Caron - Knights : 0 - Diables : 3.
13:35 of 1st period - Noel Acciari wins face-off versus Nick Bjugstad in neutral zone.
13:42 of 1st period - Slapshot by Pavel Buchnevich.
13:42 of 1st period - Stopped by Garret Sparks without a rebound.
13:43 of 1st period - Noel Acciari wins face-off versus Nick Bjugstad in Diables zone.
13:44 of 1st period - Snap shot by Michael Raffl.
13:44 of 1st period - Shot Misses the Net.
13:52 of 1st period - Snap shot by Pavel Buchnevich.
13:52 of 1st period - Stopped by Garret Sparks with a rebound.
14:08 of 1st period - Michael Raffl is hit by Craig Smith and loses puck.
14:32 of 1st period - Noel Acciari is hit by Brandon Prust.
15:14 of 1st period - Snap shot by Noel Acciari.
15:14 of 1st period - Shot Blocked by Carl Gunnarsson.
15:55 of 1st period - Wrist shot by Nick Bjugstad.
15:55 of 1st period - Shot Misses the Net.
16:01 of 1st period - Snap shot by Nick Bjugstad.
16:01 of 1st period - Stopped by Ben Scrivens without a rebound.
16:02 of 1st period - Tim Schaller wins face-off versus Miro Aaltonen in Knights zone.
16:07 of 1st period - Snap shot by Taylor Beck.
16:07 of 1st period - Stopped by Ben Scrivens without a rebound.
16:08 of 1st period - Tim Schaller wins face-off versus Miro Aaltonen in Knights zone.
16:23 of 1st period - Wrist shot by Tim Schaller.
16:23 of 1st period - Stopped by Ben Scrivens with a rebound.
16:45 of 1st period - Snap shot by Christian Thomas.
16:45 of 1st period - Stopped by Ben Scrivens without a rebound.
16:46 of 1st period - Brendan Gaunce wins face-off versus Tim Schaller in Knights zone.
16:52 of 1st period - Collin Miller is hit by Tim Schaller and loses puck.
16:57 of 1st period - Wrist shot by Taylor Beck.
16:57 of 1st period - Stopped by Ben Scrivens with a rebound.
17:11 of 1st period - Matthew Benning is hit by Andrew O'Brien.
17:53 of 1st period - Jamie Oleksiak is hit by Brendan Gaunce and loses puck.
17:54 of 1st period - Jamie Oleksiak from Diables is injured at 17:54 of 1st period (Left Eye).
17:55 of 1st period - Tim Schaller wins face-off versus Miro Aaltonen in Diables zone.
18:20 of 1st period - Wrist shot by Brandon Prust.
18:20 of 1st period - Stopped by Ben Scrivens with a rebound.
18:22 of 1st period - Slapshot by Brandon Prust.
18:22 of 1st period - Shot Blocked by Noel Acciari.
18:24 of 1st period - Wrist shot by Nick Bjugstad.
18:24 of 1st period - Shot Misses the Net.
18:26 of 1st period - Slapshot by Andrew O'Brien.
18:26 of 1st period - Shot Misses the Net.
18:44 of 1st period - Michael Matheson is hit by Mikko Lehtonen and loses puck.
19:05 of 1st period - Slapshot by Taylor Beck.
19:05 of 1st period - Stopped by Ben Scrivens with a rebound.
19:07 of 1st period - Snap shot by Jordan Caron.
19:07 of 1st period - Shot Misses the Net.
19:09 of 1st period - Slapshot by Mark Fraser.
19:09 of 1st period - Stopped by Ben Scrivens with a rebound.
19:25 of 1st period - Wrist shot by Miro Aaltonen.
19:25 of 1st period - Shot Misses the Net.
19:27 of 1st period - Snap shot by Miro Aaltonen.
19:27 of 1st period - Shot Misses the Net.
19:29 of 1st period - Snap shot by Josh Bailey.
19:29 of 1st period - Shot Blocked by Andrew O'Brien.
Goals for this period are 0 for Knights vs 3 for Diables.
Shots for this period are 10 for Knights vs 15 for Diables.

2nd period


0:01 of 2nd period - Tim Schaller wins face-off versus Miro Aaltonen in neutral zone.
0:06 of 2nd period - Snap shot by Tim Schaller.
0:06 of 2nd period - Shot Blocked by Michael Matheson.
0:13 of 2nd period - Minor Penalty to Michael Matheson for Cross-checking.
0:14 of 2nd period - Noel Acciari wins face-off versus Nick Bjugstad in Knights zone.
0:34 of 2nd period - Zach Trotman is hit by Craig Smith and loses puck.
2:09 of 2nd period - Michael Raffl is hit by Mikko Lehtonen and loses puck.
2:13 of 2nd period - Penalty to Michael Matheson is over, Michael Matheson is back on ice.
2:24 of 2nd period - Snap shot by Michael Matheson.
2:24 of 2nd period - Shot Misses the Net.
2:28 of 2nd period - Slapshot by Jaccob Slavin.
2:28 of 2nd period - Stopped by Garret Sparks with a rebound.
2:30 of 2nd period - Slapshot by Michael Raffl.
2:30 of 2nd period - Deflect By Pavel Valentenko.
2:30 of 2nd period - Shot Misses the Net.
2:30 of 2nd period - Puck is out of play.
2:31 of 2nd period - Miro Aaltonen wins face-off versus Chris Tierney in Diables zone.
3:05 of 2nd period - Carl Gunnarsson is hit by Tomas Kundratek and loses puck.
4:04 of 2nd period - Chris Bigras is hit by Scott Wilson and loses puck.
4:09 of 2nd period - Wrist shot by Tom Wilson.
4:09 of 2nd period - Stopped by Garret Sparks without a rebound.
4:10 of 2nd period - Tim Schaller wins face-off versus Noel Acciari in Diables zone.
4:31 of 2nd period - Matthew Benning is hit by Taylor Beck and loses puck.
4:48 of 2nd period - Josh Bailey is hit by Craig Smith and loses puck.
5:07 of 2nd period - Wrist shot by Tom Wilson.
5:07 of 2nd period - Stopped by Garret Sparks with a rebound.
5:09 of 2nd period - Slapshot by Collin Miller.
5:09 of 2nd period - Goal by Collin Miller - Knights : 1 - Diables : 3.
5:10 of 2nd period - Nick Bjugstad wins face-off versus Noel Acciari in neutral zone.
5:48 of 2nd period - Wrist shot by Miro Aaltonen.
5:48 of 2nd period - Shot Misses the Net.
5:54 of 2nd period - Slapshot by Mikko Lehtonen.
5:54 of 2nd period - Deflect By Jaccob Slavin.
5:54 of 2nd period - Shot Blocked by Tomas Kundratek.
5:54 of 2nd period - Puck is out of play.
5:55 of 2nd period - Chris Tierney wins face-off versus Brendan Gaunce in Knights zone.
6:22 of 2nd period - Icing by Michael Raffl.
6:23 of 2nd period - Noel Acciari wins face-off versus Nick Bjugstad in Knights zone.
7:31 of 2nd period - Brandon Prust is hit by Tom Wilson and loses puck.
8:42 of 2nd period - Snap shot by Jan Mursak.
8:42 of 2nd period - Goal by Jan Mursak - Knights : 1 - Diables : 4.
8:42 of 2nd period - Magnus Hellberg enters game.
8:43 of 2nd period - Nick Bjugstad wins face-off versus Noel Acciari in neutral zone.
9:04 of 2nd period - Craig Smith is hit by Noel Acciari and loses puck.
9:33 of 2nd period - Slapshot by Craig Smith.
9:33 of 2nd period - Goal by Craig Smith - Knights : 1 - Diables : 5.
9:34 of 2nd period - Tim Schaller wins face-off versus Miro Aaltonen in neutral zone.
9:43 of 2nd period - Snap shot by Tim Schaller.
9:43 of 2nd period - Stopped by Magnus Hellberg with a rebound.
9:45 of 2nd period - Slapshot by Tim Schaller.
9:45 of 2nd period - Stopped by Magnus Hellberg without a rebound.
9:46 of 2nd period - Miro Aaltonen wins face-off versus Tim Schaller in Knights zone.
11:10 of 2nd period - Michael Matheson is hit by Michal Repik and loses puck.
11:25 of 2nd period - Snap shot by Michal Repik.
11:25 of 2nd period - Stopped by Magnus Hellberg without a rebound.
11:26 of 2nd period - Nick Bjugstad wins face-off versus Noel Acciari in Knights zone.
11:27 of 2nd period - Wrist shot by Brandon Prust.
11:27 of 2nd period - Shot Blocked by Michael Raffl.
11:37 of 2nd period - Snap shot by Noel Acciari.
11:37 of 2nd period - Deflect By Michael Raffl.
11:37 of 2nd period - Stopped by Garret Sparks with a rebound.
11:39 of 2nd period - Slapshot by Jaccob Slavin.
11:39 of 2nd period - Shot Blocked by Brandon Prust.
11:41 of 2nd period - Backhand shot by Noel Acciari.
11:41 of 2nd period - Stopped by Garret Sparks with a rebound.
11:53 of 2nd period - Taylor Beck is hit by Brandon Saad and loses puck.
12:00 of 2nd period - Slapshot by Miro Aaltonen.
12:00 of 2nd period - Goal by Miro Aaltonen - Knights : 2 - Diables : 5.
12:01 of 2nd period - Nick Bjugstad wins face-off versus Noel Acciari in neutral zone.
12:26 of 2nd period - Tim Schaller is hit by Josh Bailey.
12:34 of 2nd period - Wrist shot by Tim Schaller.
12:34 of 2nd period - Shot Misses the Net.
12:36 of 2nd period - Slapshot by Carl Gunnarsson.
12:36 of 2nd period - Stopped by Magnus Hellberg without a rebound.
12:37 of 2nd period - Miro Aaltonen wins face-off versus Nick Bjugstad in Knights zone.
12:48 of 2nd period - Wrist shot by Miro Aaltonen.
12:48 of 2nd period - Deflect By Josh Bailey.
12:48 of 2nd period - Shot Misses the Net.
12:48 of 2nd period - Puck is out of play.
12:49 of 2nd period - Nick Bjugstad wins face-off versus Noel Acciari in Diables zone.
13:24 of 2nd period - Backhand shot by Miro Aaltonen.
13:24 of 2nd period - Stopped by Garret Sparks with a rebound.
13:26 of 2nd period - Slapshot by Jaccob Slavin.
13:26 of 2nd period - Stopped by Garret Sparks without a rebound.
13:27 of 2nd period - Chris Tierney wins face-off versus Noel Acciari in Diables zone.
13:52 of 2nd period - Zach Trotman is hit by Nick Bjugstad and loses puck.
14:02 of 2nd period - Icing by Zach Trotman.
14:03 of 2nd period - Miro Aaltonen wins face-off versus Tim Schaller in Knights zone.
14:30 of 2nd period - Zach Trotman is hit by Mark Fraser and loses puck.
15:11 of 2nd period - Snap shot by Tim Schaller.
15:11 of 2nd period - Deflect By Taylor Beck.
15:11 of 2nd period - Shot Blocked by Jaccob Slavin.
15:11 of 2nd period - Puck is out of play.
15:12 of 2nd period - Noel Acciari wins face-off versus Tim Schaller in Knights zone.
15:25 of 2nd period - Slapshot by Tim Schaller.
15:25 of 2nd period - Shot Misses the Net.
15:50 of 2nd period - Wrist shot by Miro Aaltonen.
15:50 of 2nd period - Shot Misses the Net.
16:10 of 2nd period - Slapshot by Nick Bjugstad.
16:10 of 2nd period - Goal by Nick Bjugstad - Knights : 2 - Diables : 6.
16:11 of 2nd period - Tim Schaller wins face-off versus Noel Acciari in neutral zone.
16:26 of 2nd period - Jaccob Slavin is hit by Taylor Beck and loses puck.
17:00 of 2nd period - Slapshot by Mark Fraser.
17:00 of 2nd period - Stopped by Magnus Hellberg with a rebound.
17:02 of 2nd period - Snap shot by Jan Mursak.
17:02 of 2nd period - Shot Blocked by Matthew Benning.
17:04 of 2nd period - Slapshot by Chris Tierney.
17:04 of 2nd period - Goal by Chris Tierney - Knights : 2 - Diables : 7.
17:05 of 2nd period - Tim Schaller wins face-off versus Noel Acciari in neutral zone.
17:10 of 2nd period - Snap shot by Jordan Caron.
17:10 of 2nd period - Shot Blocked by Tomas Kundratek.
17:12 of 2nd period - Snap shot by Tim Schaller.
17:12 of 2nd period - Shot Misses the Net.
17:14 of 2nd period - Wrist shot by Taylor Beck.
17:14 of 2nd period - Shot Blocked by Michael Raffl.
17:20 of 2nd period - Snap shot by Tim Schaller.
17:20 of 2nd period - Shot Misses the Net.
17:30 of 2nd period - Nick Bjugstad is hit by Brandon Saad and loses puck.
17:37 of 2nd period - Backhand shot by Miro Aaltonen.
17:37 of 2nd period - Deflect By Josh Bailey.
17:37 of 2nd period - Goal by Josh Bailey - Knights : 3 - Diables : 7.
17:38 of 2nd period - Noel Acciari wins face-off versus Tim Schaller in neutral zone.
17:45 of 2nd period - Snap shot by Michael Raffl.
17:45 of 2nd period - Stopped by Garret Sparks with a rebound.
17:47 of 2nd period - Snap shot by Pavel Buchnevich.
17:47 of 2nd period - Shot Misses the Net.
17:49 of 2nd period - Slapshot by Jaccob Slavin.
17:49 of 2nd period - Shot Misses the Net.
17:51 of 2nd period - Wrist shot by Pavel Buchnevich.
17:51 of 2nd period - Shot Misses the Net.
17:53 of 2nd period - Snap shot by Tomas Kundratek.
17:53 of 2nd period - Stopped by Garret Sparks with a rebound.
18:26 of 2nd period - Wrist shot by Nick Bjugstad.
18:26 of 2nd period - Stopped by Magnus Hellberg without a rebound.
18:27 of 2nd period - Mikko Lehtonen wins face-off versus Noel Acciari in Knights zone.
18:32 of 2nd period - Snap shot by Chris Tierney.
18:32 of 2nd period - Goal by Chris Tierney - Knights : 3 - Diables : 8.
18:32 of 2nd period - Ben Scrivens enters game.
18:33 of 2nd period - Nick Bjugstad wins face-off versus Noel Acciari in neutral zone.
19:00 of 2nd period - Jordan Caron is hit by Josh Bailey and loses puck.
19:21 of 2nd period - Snap shot by Michal Repik.
19:21 of 2nd period - Stopped by Ben Scrivens with a rebound.
19:52 of 2nd period - Off-side.
19:53 of 2nd period - Noel Acciari wins face-off versus Nick Bjugstad in neutral zone.
Goals for this period are 3 for Knights vs 5 for Diables.
Shots for this period are 12 for Knights vs 12 for Diables.

3rd period


0:01 of 3rd period - Nick Bjugstad wins face-off versus Pavel Buchnevich in neutral zone.
0:36 of 3rd period - Snap shot by Tim Schaller.
0:36 of 3rd period - Deflect By Taylor Beck.
0:36 of 3rd period - Shot Misses the Net.
0:36 of 3rd period - Puck is out of play.
0:37 of 3rd period - Chris Tierney wins face-off versus Miro Aaltonen in Knights zone.
1:19 of 3rd period - Snap shot by Pavel Buchnevich.
1:19 of 3rd period - Stopped by Garret Sparks with a rebound.
1:29 of 3rd period - Michael Matheson is hit by Jordan Caron and loses puck.
2:04 of 3rd period - Snap shot by Taylor Beck.
2:04 of 3rd period - Stopped by Ben Scrivens with a rebound.
3:02 of 3rd period - Icing by Chris Tierney.
3:03 of 3rd period - Linden Vey wins face-off versus Chris Tierney in Diables zone.
3:14 of 3rd period - Tomas Kundratek is hit by Jan Mursak and loses puck.
3:35 of 3rd period - Snap shot by Brendan Gaunce.
3:35 of 3rd period - Stopped by Garret Sparks with a rebound.
3:47 of 3rd period - Snap shot by Jordan Martinook.
3:47 of 3rd period - Shot Misses the Net.
3:49 of 3rd period - Minor Penalty to Brandon Prust for Interference.
3:50 of 3rd period - Noel Acciari wins face-off versus Michal Repik in Diables zone.
4:07 of 3rd period - Noel Acciari is hit by Mark Fraser and loses puck.
4:35 of 3rd period - Chris Tierney is hit by Collin Miller and loses puck.
4:56 of 3rd period - Snap shot by Josh Bailey.
4:56 of 3rd period - Shot Misses the Net.
4:58 of 3rd period - Snap shot by Josh Bailey.
4:58 of 3rd period - Deflect By Miro Aaltonen.
4:58 of 3rd period - Stopped by Garret Sparks without a rebound.
4:59 of 3rd period - Miro Aaltonen wins face-off versus Chris Tierney in Diables zone.
5:16 of 3rd period - Wrist shot by Miro Aaltonen.
5:16 of 3rd period - Stopped by Garret Sparks without a rebound.
5:17 of 3rd period - Miro Aaltonen wins face-off versus Michal Repik in Diables zone.
5:26 of 3rd period - Snap shot by Josh Bailey.
5:26 of 3rd period - Stopped by Garret Sparks with a rebound.
5:49 of 3rd period - Penalty to Brandon Prust is over, Brandon Prust is back on ice.
6:40 of 3rd period - Off-side.
6:41 of 3rd period - Tim Schaller wins face-off versus Noel Acciari in neutral zone.
6:44 of 3rd period - Wrist shot by Tim Schaller.
6:44 of 3rd period - Shot Misses the Net.
6:46 of 3rd period - Snap shot by Taylor Beck.
6:46 of 3rd period - Shot Misses the Net.
6:48 of 3rd period - Backhand shot by Mark Fraser.
6:48 of 3rd period - Shot Blocked by Zach Trotman.
6:50 of 3rd period - Wrist shot by Tim Schaller.
6:50 of 3rd period - Stopped by Ben Scrivens with a rebound.
6:52 of 3rd period - Slapshot by Mark Fraser.
6:52 of 3rd period - Shot Misses the Net.
6:54 of 3rd period - Wrist shot by Jordan Caron.
6:54 of 3rd period - Shot Misses the Net.
7:13 of 3rd period - Wrist shot by Louis Leblanc.
7:13 of 3rd period - Stopped by Ben Scrivens without a rebound.
7:14 of 3rd period - Noel Acciari wins face-off versus Nick Bjugstad in Knights zone.
7:21 of 3rd period - Chris Bigras is hit by Matthew Benning and loses puck.
7:41 of 3rd period - Minor Penalty to Brandon Saad for Interference.
7:42 of 3rd period - Nick Bjugstad wins face-off versus Noel Acciari in Knights zone.
8:17 of 3rd period - Slapshot by Jordan Caron.
8:17 of 3rd period - Stopped by Ben Scrivens without a rebound.
8:18 of 3rd period - Tim Schaller wins face-off versus Noel Acciari in Knights zone.
8:43 of 3rd period - Andrew O'Brien is hit by Scott Wilson and loses puck.
9:12 of 3rd period - Josh Bailey is hit by Nick Bjugstad and loses puck.
9:41 of 3rd period - Penalty to Brandon Saad is over, Brandon Saad is back on ice.
9:53 of 3rd period - Snap shot by Brandon Saad.
9:53 of 3rd period - Goal by Brandon Saad - Knights : 4 - Diables : 8.
9:54 of 3rd period - Noel Acciari wins face-off versus Nick Bjugstad in neutral zone.
9:59 of 3rd period - Slapshot by Jaccob Slavin.
9:59 of 3rd period - Stopped by Garret Sparks with a rebound.
10:01 of 3rd period - Slapshot by Michael Matheson.
10:01 of 3rd period - Goal by Michael Matheson - Knights : 5 - Diables : 8.
10:02 of 3rd period - Noel Acciari wins face-off versus Nick Bjugstad in neutral zone.
10:10 of 3rd period - Brandon Prust is hit by Noel Acciari.
10:34 of 3rd period - Minor Penalty to Carl Gunnarsson for Tripping.
10:35 of 3rd period - Brandon Prust wins face-off versus Miro Aaltonen in Diables zone.
10:45 of 3rd period - Brandon Prust is hit by Brandon Saad and loses puck.
11:06 of 3rd period - Snap shot by Tomas Kundratek.
11:06 of 3rd period - Stopped by Garret Sparks without a rebound.
11:07 of 3rd period - Noel Acciari wins face-off versus Nick Bjugstad in Diables zone.
11:08 of 3rd period - Snap shot by Pavel Buchnevich.
11:08 of 3rd period - Stopped by Garret Sparks without a rebound.
11:09 of 3rd period - Nick Bjugstad wins face-off versus Noel Acciari in Diables zone.
11:20 of 3rd period - Wrist shot by Nick Bjugstad.
11:20 of 3rd period - Stopped by Ben Scrivens with a rebound.
11:22 of 3rd period - Slapshot by Mark Fraser.
11:22 of 3rd period - Shot Misses the Net.
11:24 of 3rd period - Wrist shot by Tim Schaller.
11:24 of 3rd period - Stopped by Ben Scrivens with a rebound.
11:50 of 3rd period - Backhand shot by Michael Matheson.
11:50 of 3rd period - Goal by Michael Matheson - Knights : 6 - Diables : 8.
11:51 of 3rd period - Nick Bjugstad wins face-off versus Noel Acciari in neutral zone.
12:18 of 3rd period - Tim Schaller is hit by Jaccob Slavin and loses puck.
13:00 of 3rd period - Pavel Buchnevich is hit by Michal Repik.
13:26 of 3rd period - Minor Penalty to Michael Matheson for Tripping.
13:27 of 3rd period - Nick Bjugstad wins face-off versus Noel Acciari in Knights zone.
14:30 of 3rd period - Pavel Valentenko is hit by Josh Bailey.
14:38 of 3rd period - Tim Schaller is hit by Collin Miller and loses puck.
15:14 of 3rd period - Icing by Carl Gunnarsson.
15:15 of 3rd period - Scott Wilson wins face-off versus Nick Bjugstad in Diables zone.
15:20 of 3rd period - Wrist shot by Noel Acciari.
15:20 of 3rd period - Shot Blocked by Mark Fraser.
15:26 of 3rd period - Penalty to Michael Matheson is over, Michael Matheson is back on ice.
15:40 of 3rd period - Snap shot by Noel Acciari.
15:40 of 3rd period - Stopped by Garret Sparks without a rebound.
15:41 of 3rd period - Brendan Gaunce wins face-off versus Louis Leblanc in Diables zone.
15:56 of 3rd period - Linden Vey is hit by Louis Leblanc and loses puck.
16:28 of 3rd period - Wrist shot by Brendan Gaunce.
16:28 of 3rd period - Deflect By Jordan Martinook.
16:28 of 3rd period - Shot Misses the Net.
16:28 of 3rd period - Puck is out of play.
16:29 of 3rd period - Chris Tierney wins face-off versus Noel Acciari in Diables zone.
16:40 of 3rd period - Snap shot by Mikko Lehtonen.
16:40 of 3rd period - Shot Blocked by Pavel Buchnevich.
16:45 of 3rd period - Jaccob Slavin is hit by Carl Gunnarsson and loses puck.
17:06 of 3rd period - Backhand shot by Josh Bailey.
17:06 of 3rd period - Stopped by Garret Sparks with a rebound.
17:08 of 3rd period - Wrist shot by Brandon Saad.
17:08 of 3rd period - Shot Misses the Net.
17:34 of 3rd period - Snap shot by Craig Smith.
17:34 of 3rd period - Shot Misses the Net.
17:36 of 3rd period - Snap shot by Nick Bjugstad.
17:36 of 3rd period - Shot Blocked by Collin Miller.
18:57 of 3rd period - Jordan Martinook is hit by Chris Bigras and loses puck.
19:01 of 3rd period - Icing by Michael Matheson.
19:02 of 3rd period - Nick Bjugstad wins face-off versus Brendan Gaunce in Knights zone.
19:22 of 3rd period - Jaccob Slavin is hit by Mikko Lehtonen and loses puck.
Goals for this period are 3 for Knights vs 0 for Diables.
Shots for this period are 13 for Knights vs 6 for Diables.